 Dungeon Crawl Stone Soup version 0.23-a0-677-g07611c5 (webtiles) character file.

192894 galech the Blocker (level 18, -8/144 HPs)
             Began as a Gnoll Fighter on Jan 9, 2019.
             Was a High Priest of Okawaru.
             Shot with an arrow by a deep elf archer (24 damage)
             ... on level 3 of the Elven Halls.
             The game lasted 01:03:24 (37118 turns).

galech the Blocker (Gnoll Fighter)                 Turns: 37118, Time: 01:03:25

Health: -8/144     AC: 31    Str: 18    XL:     18   Next: 70%
Magic:  34/34      EV: 16    Int: 11    God:    Okawaru [*****.]
Gold:   3074       SH: 15    Dex: 33    Spells: 41/41 levels left

rFire    + + .     SeeInvis .   P - +5 falchion (slice)
rCold    + + .     Gourm    .   R - +0 shield {rC+}
rNeg     . . .     Faith    .   y - +6 plate armour of the Oligarchy {+Inv Slay+3}
rPois    +         Spirit   .   r - +2 helmet
rElec    .         Reflect  .   W - scarf {rC+ rF+}
rCorr    .         Harm     +   e - +2 pair of gloves of Hangman {rF+ Slay+3}
MR       ++...                  G - +1 pair of boots of Gozag's Generosity {rPois MR+ Dex+4 Slay+3}
Stlth    ++........             m - amulet of harm
HPRegen  0.34/turn              h - +6 ring of dexterity
MPRegen  0.24/turn              n - +3 ring of slaying

@: slowed, very slow
A: distributed training, fangs 1, strong nose
a: Heroism, Finesse, Renounce Religion, Evoke Invisibility


You were on level 3 of the Elven Halls.
You worshipped Okawaru.
Okawaru was extremely pleased with you.
You were not hungry.

You visited 5 branches of the dungeon, and saw 27 of its levels.
You visited the Abyss 1 time.
You also visited: Bailey.

You collected 3074 gold pieces.

Inventory:

Hand Weapons
 l - a +1 short sword of electrocution
 I - a +0 scimitar of flaming
 N - the +4 dagger of the Secret Friends {elec, rN+ Dex+3 SInv}
   (Okawaru gifted it to you on level 2 of the Orcish Mines)

   Occasionally, upon striking a foe, it will discharge some electrical energy
   and cause terrible harm.
   It affects your dexterity (+3).
   It protects you from negative energy.
   It lets you see invisible.
 P - a +5 falchion of slicing (weapon)
Armour
 b - a +2 robe of resistance
 e - the +2 pair of gloves of Hangman (worn) {rF+ Slay+3}
   (You found it on level 6 of the Dungeon)

   It affects your accuracy and damage with ranged weapons and melee attacks
   (+3).
   It protects you from fire.
 j - the +1 chain mail of Infinity {rElec rPois rN+}
   (Okawaru gifted it to you on level 4 of the Lair of Beasts)

   It insulates you from electricity.
   It protects you from poison.
   It protects you from negative energy.
 r - a +2 helmet (worn)
 y - the +6 plate armour of the Oligarchy (worn) {+Inv Slay+3}
   (You found it in a bailey)

   It affects your accuracy and damage with ranged weapons and melee attacks
   (+3).
   It lets you turn invisible.
 E - a scarf of repulsion
 G - the +1 pair of boots of Gozag's Generosity (worn) {rPois MR+ Dex+4 Slay+3}
   (You found it on level 1 of the Elven Halls)

   It affects your dexterity (+4).
   It affects your accuracy and damage with ranged weapons and melee attacks
   (+3).
   It protects you from poison.
   It affects your resistance to hostile enchantments.
 R - a +0 shield of cold resistance (worn)
 W - a scarf of resistance (worn)
 Z - the +27 Lear's hauberk
   (You found it on level 1 of the Lair of Beasts)
Jewellery
 h - a +6 ring of dexterity (left hand)
 m - an amulet of harm (around neck)
 n - a +3 ring of slaying (right hand)
 A - an uncursed ring of protection from cold {unknown}
 H - an uncursed ring of fire
 M - an uncursed ring of fire
 S - an uncursed amulet of faith
 T - an uncursed ring of resist corrosion {unknown}
 V - an uncursed ring of magical power {unknown}
Wands
 K - a wand of digging (9)
Scrolls
 a - a scroll of magic mapping
 c - a scroll of torment
 k - 8 scrolls of enchant armour
 o - 5 scrolls of remove curse
 p - a scroll of blinking
 q - 5 scrolls of amnesia
 t - 12 scrolls of teleportation
 v - a scroll of fog
 C - 4 scrolls of silence
 D - 3 scrolls of fear
 J - 3 scrolls of acquirement
 O - 3 scrolls of enchant weapon
Potions
 d - 2 potions of might
 g - 9 potions of curing
 i - 5 potions of cancellation
 s - 2 potions of flight
 u - 5 potions of lignification
 w - a potion of invisibility
 x - a potion of magic
 z - 3 potions of haste
 B - 5 potions of heal wounds
 F - 2 potions of resistance
 L - 4 potions of agility
 Q - 3 potions of berserk rage
 X - 3 potions of mutation
 Y - 4 potions of brilliance
Comestibles
 f - 65 rations
 U - 3 chunks of flesh


   Skills:
 + Level 13.5 Fighting
 + Level 12.1 Short Blades
 + Level 12.1 Long Blades
 + Level 12.8 Axes
 + Level 12.1 Maces & Flails
 + Level 12.1 Polearms
 + Level 12.1 Staves
 + Level 12.1 Slings
 + Level 12.1 Bows
 + Level 12.1 Crossbows
 + Level 12.1 Throwing
 + Level 13.5 Armour
 + Level 12.1 Dodging
 + Level 12.1 Stealth
 + Level 13.5 Shields
 + Level 12.1 Unarmed Combat
 + Level 12.1 Spellcasting
 + Level 10.4 Conjurations
 + Level 10.4 Hexes
 + Level 10.4 Charms
 + Level 10.4 Summonings
 + Level 10.4 Necromancy
 + Level 10.4 Translocations
 + Level 10.4 Transmutations
 + Level 10.4 Fire Magic
 + Level 10.4 Ice Magic
 + Level 10.4 Air Magic
 + Level 10.4 Earth Magic
 + Level 10.4 Poison Magic
 + Level 13.1 Invocations
 + Level 12.1 Evocations


You had 41 spell levels left.
You didn't know any spells.
Your spell library contained the following spells:

 Spells                   Type           Power        Failure   Level  Hunger
 Beastly Appendage        Tmut           ####..       2%          1    None
 Confusing Touch          Hex            ####..       2%          1    None
 Flame Tongue             Conj/Fire      ####.        2%          1    None
 Magic Dart               Conj           ####         2%          1    None
 Blink                    Tloc           N/A          4%          2    None
 Call Imp                 Summ           ####....     4%          2    None
 Searing Ray              Conj           ####..       4%          2    None
 Slow                     Hex            ####....     4%          2    None
 Sticks to Snakes         Tmut           ####....     4%          2    None
 Throw Flame              Conj/Fire      ####..       4%          2    None
 Confuse                  Hex            ####....     9%          3    #......
 Conjure Flame            Conj/Fire      ####....     9%          3    #......
 Dazzling Spray           Conj/Hex       ####..       9%          3    #......
 Gell's Gravitas          Tloc           ####......   9%          3    #......
 Inner Flame              Hex/Fire       ####....     9%          3    #......
 Lesser Beckoning         Tloc           ####......   9%          3    #......
 Mephitic Cloud           Conj/Pois/Air  ####....     9%          3    #......
 Recall                   Summ/Tloc      N/A          9%          3    #......
 Spider Form              Tmut/Pois      ####......   9%          3    #......
 Force Lance              Conj/Tloc      ####....     28%         4    ###....
 Fulminant Prism          Conj/Hex       ####......   28%         4    ###....
 Ice Form                 Ice/Tmut       ####....     28%         4    ###....
 Iskenderun's Mystic Bla  Conj           ####....     28%         4    ###....
 Petrify                  Tmut/Erth      ####....     28%         4    ###....
 Sticky Flame             Conj/Fire      ####....     28%         4    ###....
 Blade Hands              Tmut           ####......   61%         5    #####..
 Fireball                 Conj/Fire      ####......   61%         5    #####..
 Irradiate                Conj/Tmut      ####......   61%         5    #####..
 Metabolic Englaciation   Hex/Ice        ####......   61%         5    #####..
 Yara's Violent Unravell  Hex/Tmut       ####......   61%         5    #####..
 Bolt of Cold             Conj/Ice       ####......   99%         6    ######.
 Freezing Cloud           Conj/Ice/Air   ####......   99%         6    ######.
 Iron Shot                Conj/Erth      ####......   99%         6    ######.
 Ozocubu's Refrigeration  Ice            ####......   99%         6    ######.
 Simulacrum               Ice/Necr       ####......   99%         6    ######.
 Summon Hydra             Summ           ####......   100%        7    #######


Dungeon Overview and Level Annotations

Branches:
Dungeon (15/15)            Temple (1/1) D:5            Lair (6/6) D:11
  Swamp (0/4) Lair:4       Spider (0/4) Lair:4        Slime (0/5) Lair:6
    Orc (2/2) D:9             Elf (3/3) Orc:2        Vaults (0/5) D:13
 Depths (0/5) D:15

Altars:
Dithmenos
Elyvilon
Fedhas
Gozag
Hepliaklqana
Makhleb
Nemelex Xobeh
Okawaru
Qazlal
Sif Muna
Uskayaw
Vehumet
Wu Jian
Xom
Yredelemnul
Zin
Beogh

Shops:
D:4 }   D:10 :[[   D:15 *   Orc:2 *=[(   Elf:2 !

Portals:
Hell: Lair:6


Innate Abilities, Weirdness & Mutations

Your experience applies equally to all skills.
You have very sharp teeth.
Your uncanny sense of smell can sniff out nearby items.


Message History

You butcher the elf corpse.
U - 3 chunks of flesh (gained 1)
Things that are here:
a +0 rapier; an elf skeleton You start resting.
A deep elf archer comes into view. It is wielding a +0 short sword.
The deep elf archer unwields a +0 short sword.
The deep elf archer wields a +0 shortbow.
The deep elf archer shoots an arrow.
The arrow hits you but does no damage.
Things that are here:
an arrow; a shapeshifter corpse The deep elf archer shoots an arrow.
The arrow hits you!
* * * LOW HITPOINT WARNING * * *
Things that are here:
an arrow; a +0 long sword of holy wrath The deep elf archer shoots an arrow.
You block the arrow.
You see here an arrow.
You feel like a meek peon again.
The deep elf archer shoots an arrow.
The arrow hits you!!
You die...

#≈≈....##.........#
#≈≈....###.......#
#≈≈....##'#.....###
#≈≈....#.####'####
#≈≈.....####...##.
#≈≈..).)###.....+#
#≈≈....))()()....#
#≈≈..))#.#(#.#....#
#≈≈..@####(####...+
#≈†..(.#∆#.(.# ...#
#≈≈...## #≈#.# .##
#≈≈..(.# #e#.# .#
#≈≈..(## #E#.# #
#≈≈..))# ..#.#
#≈≈...## #'###
#≈≈..e. #.#
#≈≈..... ..


You could see a deep elf archer.

Vanquished Creatures
  The ghost of Duffy the Severer, an adept NaGl of Makhleb (Elf:2)
  Asterion (Elf:1)
  A deep elf blademaster (Elf:2)
  Kirke (D:15)
  A fire giant (D:15)
  2 deep elf sorcerers (Elf:1)
  3 orc warlords
  A stone giant (Orc:1)
  2 entropy weavers (Lair:4)
  3 dire elephants (Lair:6)
  An ettin (Orc:2)
  2 merfolk javelineers (Elf:1)
  Snorg (D:12)
  3 deep elf death magi
  A merfolk impaler (Elf:1)
  Josephine (Lair:6)
  A hell beast (Lair:6)
  2 naga warriors (D:15)
  Erolcha (Orc:1)
  10 hydras
  2 centaur warriors
  12 two-headed ogres
  Erica (D:8)
  32 dancing weapons
  A death knight (D:14)
  An anaconda (D:15)
  A queen ant (Lair:4)
  The ghost of Lanoc the Carver, a novice DsFi of Okawaru (D:8)
  21 death yaks
  3 tengu warriors
  3 orc high priests
  28 deep elf knights
  A small abomination (Elf:2)
  A death drake (shapeshifter) (Elf:3)
  An unseen horror (D:10)
  2 wizards
  4 skeletal warriors (D:14)
  A naga ritualist (D:15)
  16 deep elf archers
  An obsidian statue (D:14)
  An orb spider (Lair:4)
  4 orc knights
  A wolf spider zombie (D:15)
  13 ugly things
  63 deep elf magi
  A mana viper (D:15)
  An oklob plant (Lair:6)
  A manticore (D:14)
  5 orc sorcerers (Orc:2)
  2 elephants (Lair:6)
  5 cyclopes
  Maurice (D:8)
  4 black mambas
  The ghost of XanderDroid the Chopper, a novice MiBe of Trog (D:6)
  A torpor snail (Lair:5)
  5 centaur skeletons
  A smoke demon (Lair:6)
  10 spiny frogs
  Psyche (D:9)
  2 orange demons (Lair:6)
  2 rime drakes
  4 gargoyles
  2 kobold demonologists
  A freezing wraith (D:15)
  An ice devil (Lair:6)
  6 komodo dragons
  2 red devils (Lair:6)
  3 tengu conjurers (D:15)
  A queen bee (D:6)
  3 polar bears
  A hornet (D:10)
  3 meliai (D:14)
  Prince Ribbit (D:5)
  6 trolls
  6 slime creatures
  4 bog bodies (Lair:4)
  9 hippogriffs
  8 blink frogs (Lair:5)
  A meliai zombie (D:14)
  A shadow (D:15)
  5 air elementals
  35 yaks
  5 hogs
  A basilisk (shapeshifter) (Elf:1)
  A vampire (D:13)
  4 wyverns
  A human (D:7)
  4 water elementals
  7 wraiths
  A basilisk (Lair:1)
  5 fire elementals
  2 hungry ghosts
  3 vampire mosquitoes (D:15)
  A steam dragon (D:12)
  4 wargs
  24 soldier ants
  2 swamp worms (Lair:4)
  An acid dragon (D:14)
  5 hell hounds (Lair:6)
  9 water moccasins
  9 porcupines
  40 orc warriors
  4 ice beasts
  A black bear (Lair:3)
  4 phantoms
  5 sky beasts
  A necrophage (D:7)
  An eye of draining (D:12)
  17 ogres
  5 wolves (Lair:5)
  13 centaurs
  15 crocodiles
  A big kobold (D:7)
  Blork the orc (Orc:2)
  13 bullfrogs
  5 earth elementals
  A wyvern zombie (D:9)
  3 scorpions
  20 killer bees
  5 wights (D:12)
  12 electric eels
  7 crimson imps
  2 bullfrog zombies
  5 centaur zombies
  5 hounds
  4 jellies
  18 orc priests
  4 bullfrog skeletons
  Jessica (D:3)
  31 orc wizards
  2 iguanas
  29 worker ants
  A killer bee zombie (D:7)
  3 hound zombies
  2 hound skeletons
  A worker ant zombie (D:9)
  14 gnolls
  10 adders
  3 shadow imps
  7 oozes
  3 worms
  A dart slug (D:2)
  6 leopard geckos
  116 orcs
  4 giant cockroaches
  11 goblins
  13 hobgoblins
  14 jackals
  5 quokkas
  A bat (D:1)
  3 frilled lizards
  13 kobolds
  2 quokka skeletons
  9 rats
  A bush (Lair:6)
1007 creatures vanquished.

Vanquished Creatures (others)
  A deep elf archer (Elf:1)
  2 deep elf magi (Elf:1)
  5 humans (D:15)
  A hungry ghost (D:15)
  An orc wizard (D:7)
  16 fungi
26 creatures vanquished.

Grand Total: 1033 creatures vanquished

Notes
Turn   | Place    | Note
-------+----------+-------------------------------------------
     0 | D:1      | galech the Gnoll Fighter began the quest for the Orb.
     0 | D:1      | Reached XP level 1. HP: 23/23 MP: 1/1
   617 | D:2      | Reached XP level 2. HP: 29/29 MP: 2/2
   761 | D:2      | Reached XP level 3. HP: 35/35 MP: 3/3
   774 | D:2      | Reached skill level 1 in Invocations
   876 | D:2      | Found a shadowy altar of Dithmenos.
   919 | D:2      | Reached skill level 1 in Short Blades
   919 | D:2      | Reached skill level 1 in Long Blades
   919 | D:2      | Reached skill level 1 in Maces & Flails
   919 | D:2      | Reached skill level 1 in Polearms
   919 | D:2      | Reached skill level 1 in Staves
   919 | D:2      | Reached skill level 1 in Slings
   919 | D:2      | Reached skill level 1 in Bows
   919 | D:2      | Reached skill level 1 in Crossbows
   919 | D:2      | Reached skill level 1 in Throwing
   919 | D:2      | Reached skill level 1 in Dodging
   919 | D:2      | Reached skill level 1 in Stealth
   919 | D:2      | Reached skill level 1 in Unarmed Combat
   919 | D:2      | Reached skill level 1 in Spellcasting
   919 | D:2      | Reached skill level 1 in Evocations
   926 | D:2      | Reached XP level 4. HP: 41/41 MP: 5/5
  1372 | D:2      | Reached skill level 1 in Conjurations
  1372 | D:2      | Reached skill level 1 in Hexes
  1372 | D:2      | Reached skill level 1 in Charms
  1372 | D:2      | Reached skill level 1 in Summonings
  1372 | D:2      | Reached skill level 1 in Necromancy
  1372 | D:2      | Reached skill level 1 in Translocations
  1372 | D:2      | Reached skill level 1 in Transmutations
  1372 | D:2      | Reached skill level 1 in Fire Magic
  1372 | D:2      | Reached skill level 1 in Ice Magic
  1372 | D:2      | Reached skill level 1 in Air Magic
  1372 | D:2      | Reached skill level 1 in Earth Magic
  1372 | D:2      | Reached skill level 1 in Poison Magic
  1530 | D:3      | Found a faded altar of an unknown god.
  1574 | D:3      | Found a hazy altar of Hepliaklqana.
  1654 | D:3      | Reached XP level 5. HP: 39/47 MP: 5/7
  1916 | D:3      | Noticed Jessica
  2709 | D:4      | Found Bohyol's Gadget Shop.
  2753 | D:4      | Reached XP level 6. HP: 48/53 MP: 8/8
  2836 | D:3      | Killed Jessica
  2900 | D:4      | Reached skill level 5 in Axes
  3045 | D:4      | Reached XP level 7. HP: 54/59 MP: 10/10
  3065 | D:4      | Found a stormy altar of Qazlal.
  3253 | D:4      | Found a basalt altar of Yredelemnul.
  3282 | D:5      | Entered Level 5 of the Dungeon
  3390 | D:5      | Noticed Prince Ribbit
  3402 | D:5      | Killed Prince Ribbit
  3442 | D:5      | Found a staircase to the Ecumenical Temple.
  3451 | Temple   | Entered the Ecumenical Temple
  3465 | Temple   | Became a worshipper of Warmaster Okawaru
  3659 | D:5      | Reached XP level 8. HP: 67/67 MP: 12/12
  4351 | D:6      | Noticed a queen bee
  4352 | D:6      | Found a transporter.
  4357 | D:6      | Found a transporter.
  4358 | D:6      | Noticed XanderDroid's ghost (novice MiBe)
  4499 | D:6      | Got a pair of jewelled gloves
  4510 | D:6      | Identified the +2 pair of gloves of Hangman {rF+ Slay+3}
                  | (You found it on level 6 of the Dungeon)
  4787 | D:7      | Noticed a hippogriff
  4803 | D:7      | Killed a hippogriff
  4803 | D:7      | Reached * piety under Okawaru
  5051 | D:7      | Reached XP level 9. HP: 68/72 MP: 14/14
  5074 | D:7      | HP: 2/72 [orc priest/divine providence (12)]
  5658 | D:7      | Reached ** piety under Okawaru
  5756 | D:7      | Reached skill level 5 in Invocations
  6013 | D:8      | Found a hide-covered altar of Uskayaw.
  6074 | D:8      | Reached *** piety under Okawaru
  6074 | D:8      | Reached XP level 10. HP: 80/80 MP: 15/17
  6168 | D:8      | Noticed Maurice
  6185 | D:8      | Killed Maurice
  6229 | D:8      | Noticed a two-headed ogre
  6236 | D:8      | Killed a two-headed ogre
  6236 | D:8      | Reached skill level 5 in Short Blades
  6236 | D:8      | Reached skill level 5 in Long Blades
  6236 | D:8      | Reached skill level 5 in Maces & Flails
  6236 | D:8      | Reached skill level 5 in Polearms
  6236 | D:8      | Reached skill level 5 in Staves
  6236 | D:8      | Reached skill level 5 in Slings
  6236 | D:8      | Reached skill level 5 in Bows
  6236 | D:8      | Reached skill level 5 in Crossbows
  6236 | D:8      | Reached skill level 5 in Throwing
  6236 | D:8      | Reached skill level 5 in Dodging
  6236 | D:8      | Reached skill level 5 in Stealth
  6236 | D:8      | Reached skill level 5 in Unarmed Combat
  6236 | D:8      | Reached skill level 5 in Spellcasting
  6236 | D:8      | Reached skill level 5 in Evocations
  6487 | D:8      | Noticed a two-headed ogre
  6501 | D:8      | Killed a two-headed ogre
  6670 | D:8      | Found a runed gate.
  6670 | D:8      | Found a runed gate.
  6673 | D:8      | Found a runed gate.
  6680 | D:8      | Noticed Lanoc's ghost (novice DsFi)
  6789 | D:8      | Noticed Erica
  6799 | D:8      | Killed Erica
  6799 | D:8      | Reached **** piety under Okawaru
  7162 | D:8      | Received a gift from Okawaru
  7162 | D:8      | Reached XP level 11. HP: 72/87 MP: 19/19
  7302 | D:9      | Found a staircase to the Orcish Mines.
  7327 | D:9      | Noticed Psyche
  7336 | D:9      | Killed Psyche
  7387 | D:9      | Found a shimmering altar of Xom.
  7397 | D:9      | Found a glowing silver altar of Zin.
  7397 | D:9      | Found a radiant altar of Vehumet.
  7574 | D:9      | Reached ***** piety under Okawaru
  7694 | D:9      | Found a stormy altar of Qazlal.
  7731 | D:9      | Found a blossoming altar of Fedhas.
  7734 | D:9      | Found a white marble altar of Elyvilon.
  7764 | D:10     | Entered Level 10 of the Dungeon
  7764 | D:10     | Found Bemn's Armour Shop.
  7790 | D:10     | Received a gift from Okawaru
  7819 | D:10     | Reached skill level 5 in Conjurations
  7819 | D:10     | Reached skill level 5 in Hexes
  7819 | D:10     | Reached skill level 5 in Charms
  7819 | D:10     | Reached skill level 5 in Summonings
  7819 | D:10     | Reached skill level 5 in Necromancy
  7819 | D:10     | Reached skill level 5 in Translocations
  7819 | D:10     | Reached skill level 5 in Transmutations
  7819 | D:10     | Reached skill level 5 in Fire Magic
  7819 | D:10     | Reached skill level 5 in Ice Magic
  7819 | D:10     | Reached skill level 5 in Air Magic
  7819 | D:10     | Reached skill level 5 in Earth Magic
  7819 | D:10     | Reached skill level 5 in Poison Magic
  7874 | D:10     | Found a flagged portal.
  7881 | Bailey   | Entered a bailey
  7936 | Bailey   | Found an iron altar of Okawaru.
  7936 | Bailey   | Noticed an orc high priest
  7989 | Bailey   | Killed an orc high priest
  8058 | Bailey   | Received a gift from Okawaru
  8169 | Bailey   | Got a translucent plate armour
  8180 | Bailey   | Identified the +6 plate armour of the Oligarchy {+Inv
                  | Slay+3} (You found it in a bailey)
  8354 | Bailey   | Noticed an orc knight
  8371 | Bailey   | Killed an orc knight
  8371 | Bailey   | Received a gift from Okawaru
  9684 | D:10     | Found a roughly hewn altar of Beogh.
  9913 | D:10     | Found Laynioko's Book Shop.
 10079 | D:10     | Killed an unseen horror
 10119 | D:10     | Received a gift from Okawaru
 10123 | D:10     | Found Vaojus's Armour Boutique.
 10197 | D:10     | Noticed a two-headed ogre
 10204 | D:10     | Killed a two-headed ogre
 10204 | D:10     | Reached XP level 12. HP: 79/96 MP: 19/22
 10417 | D:10     | Received a gift from Okawaru
 10639 | Orc:1    | Entered Level 1 of the Orcish Mines
 10659 | Orc:1    | Noticed a stone giant
 10843 | Orc:1    | Killed a stone giant
 11104 | Orc:2    | Entered Level 2 of the Orcish Mines
 11125 | Orc:2    | Noticed an ettin
 11140 | Orc:2    | Killed an ettin
 11179 | Orc:2    | Paralysed by an orc sorcerer for 5 turns
 11213 | Orc:2    | Noticed Blork the orc
 11224 | Orc:2    | Killed Blork the orc
 11247 | Orc:2    | Noticed an orc high priest
 11260 | Orc:2    | Killed an orc high priest
 11691 | Orc:2    | Paralysed by an orc sorcerer for 4 turns
 11693 | Orc:2    | Noticed an orc warlord
 11981 | Orc:1    | Reached skill level 10 in Fighting
 11981 | Orc:1    | Reached skill level 10 in Armour
 11981 | Orc:1    | Reached skill level 10 in Shields
 12221 | Orc:2    | Killed an orc warlord
 12245 | Orc:2    | Found a roughly hewn altar of Beogh.
 12249 | Orc:2    | Reached XP level 13. HP: 103/103 MP: 24/24
 12567 | Orc:2    | Found Dazubuac's Antique Armour Shop.
 12623 | Orc:2    | Found a staircase to the Elven Halls.
 12624 | Orc:2    | Found a roughly hewn altar of Beogh.
 12932 | Orc:2    | Found Unadesinn's General Store.
 13037 | Orc:1    | Received a gift from Okawaru
 13290 | Orc:1    | Noticed Erolcha
 13298 | Orc:1    | Killed Erolcha
 13397 | Orc:1    | Reached ****** piety under Okawaru
 13551 | Orc:2    | Found Ritalack's Jewellery Shop.
 13581 | Orc:2    | Found Botepefi's Antique Weapon Shop.
 13955 | D:11     | Got a slimy silver amulet
 14071 | D:11     | Found a staircase to the Lair.
 14753 | D:12     | Identified the amulet "Duus Losh" {Acrobat rC- Int+8} (You
                  | found it on level 11 of the Dungeon)
 14930 | D:12     | Noticed Snorg
 15415 | D:12     | Killed Snorg
 15829 | Lair:1   | Entered Level 1 of the Lair of Beasts
 15977 | Lair:1   | Received a gift from Okawaru
 16013 | Lair:1   | Reached XP level 14. HP: 81/111 MP: 26/26
 16510 | Lair:1   | Found the +27 Lear's hauberk
 16541 | Lair:1   | Received a gift from Okawaru
 16544 | Lair:1   | Got an ancient scale mail {god gift}
 16684 | Lair:1   | Got a scorched leather armour
 17175 | Lair:1   | Identified the +0 scale mail of Protective Custody {rElec
                  | Regen+ Str+5} (Okawaru gifted it to you on level 1 of the
                  | Lair of Beasts)
 17185 | Lair:1   | Identified the cursed +0 leather armour of Zeuneede {+Fly}
                  | (You found it on level 1 of the Lair of Beasts)
 17655 | Lair:2   | Reached skill level 10 in Axes
 19376 | Lair:4   | Found a hole to the Spider Nest.
 19928 | Lair:4   | Received a gift from Okawaru
 19941 | Lair:4   | Reached skill level 10 in Invocations
 19949 | Lair:4   | Noticed an entropy weaver
 19982 | Lair:4   | Noticed an entropy weaver
 19992 | Lair:4   | Killed an entropy weaver
 20369 | Lair:4   | Killed an entropy weaver
 20369 | Lair:4   | Received a gift from Okawaru
 20373 | Lair:4   | Got a crude chain mail {god gift}
 20384 | Lair:4   | Identified the +1 chain mail of Infinity {rElec rPois rN+}
                  | (Okawaru gifted it to you on level 4 of the Lair of Beasts)
 20900 | Lair:4   | Found a staircase to the Swamp.
 21703 | Lair:5   | Reached XP level 15. HP: 119/119 MP: 28/28
 22338 | Lair:6   | Entered Level 6 of the Lair of Beasts
 22493 | Lair:6   | Received a gift from Okawaru
 22753 | Lair:6   | Got an ichor-stained chain mail {god gift}
 22764 | Lair:6   | Identified the +1 chain mail "Oluacs" {rF+} (Okawaru gifted
                  | it to you on level 6 of the Lair of Beasts)
 23462 | Lair:6   | Reached skill level 10 in Short Blades
 23462 | Lair:6   | Reached skill level 10 in Long Blades
 23462 | Lair:6   | Reached skill level 10 in Maces & Flails
 23462 | Lair:6   | Reached skill level 10 in Polearms
 23462 | Lair:6   | Reached skill level 10 in Staves
 23462 | Lair:6   | Reached skill level 10 in Slings
 23462 | Lair:6   | Reached skill level 10 in Bows
 23462 | Lair:6   | Reached skill level 10 in Crossbows
 23462 | Lair:6   | Reached skill level 10 in Throwing
 23462 | Lair:6   | Reached skill level 10 in Dodging
 23462 | Lair:6   | Reached skill level 10 in Stealth
 23462 | Lair:6   | Reached skill level 10 in Unarmed Combat
 23462 | Lair:6   | Reached skill level 10 in Spellcasting
 23462 | Lair:6   | Reached skill level 10 in Evocations
 23471 | Lair:6   | Noticed Josephine
 23485 | Lair:6   | Killed Josephine
 23552 | Lair:6   | Received a gift from Okawaru
 23853 | Lair:6   | Received a gift from Okawaru
 23889 | Lair:6   | Found a staircase to the Slime Pits.
 24444 | Lair:6   | Found a burning altar of Makhleb.
 24476 | Lair:6   | Received a gift from Okawaru
 24754 | Lair:6   | Found a gateway to Hell.
 25045 | D:8      | Killed Lanoc's ghost
 25128 | D:6      | Killed XanderDroid's ghost
 25536 | D:13     | Found a gate to the Vaults.
 26243 | D:13     | Reached XP level 16. HP: 127/127 MP: 30/30
 27219 | D:14     | Received a gift from Okawaru
 28054 | D:15     | Entered Level 15 of the Dungeon
 28125 | D:15     | Found a staircase to the Depths.
 28152 | D:15     | Noticed Kirke
 28388 | D:15     | Killed Kirke
 28524 | D:15     | Found Owkeb's Serpentskin Sales.
 29195 | D:15     | Received a gift from Okawaru
 29286 | D:15     | Received a gift from Okawaru
 29761 | Elf:1    | Entered Level 1 of the Elven Halls
 30872 | Orc:2    | Received a gift from Okawaru
 30875 | Orc:2    | Got a dazzling dagger {god gift}
 30876 | Orc:2    | Identified the +4 dagger of the Secret Friends {elec, rN+
                  | Dex+3 SInv} (Okawaru gifted it to you on level 2 of the
                  | Orcish Mines)
 30931 | Orc:2    | Reached XP level 17. HP: 121/135 MP: 32/32
 32029 | Elf:1    | Found a runed gate.
 32030 | Elf:1    | Found a runed gate.
 32031 | Elf:1    | Found a runed gate.
 32046 | Elf:1    | Found an iron altar of Okawaru.
 32046 | Elf:1    | Noticed Duffy's ghost (adept NaGl)
 32436 | Elf:1    | Received a gift from Okawaru
 32484 | Elf:1    | Cast into level 2 of the Abyss (a deep elf sorcerer)
 32491 | Elf:1    | Escaped the Abyss
 32868 | Elf:1    | Noticed Asterion
 32902 | Elf:1    | Killed Asterion
 32902 | Elf:1    | Received a gift from Okawaru
 33070 | Elf:1    | Received a gift from Okawaru
 33104 | Elf:1    | Got a translucent ring mail {god gift}
 33115 | Elf:1    | Identified the +7 ring mail of Death's Door {MR++} (Okawaru
                  | gifted it to you on level 1 of the Elven Halls)
 33606 | Elf:1    | Identified the Reference Book on Creative Battle Magic
 34499 | Elf:2    | Killed Duffy's ghost
 34731 | Elf:1    | Received a gift from Okawaru
 34731 | Elf:1    | Reached skill level 10 in Conjurations
 34731 | Elf:1    | Reached skill level 10 in Hexes
 34731 | Elf:1    | Reached skill level 10 in Charms
 34731 | Elf:1    | Reached skill level 10 in Summonings
 34731 | Elf:1    | Reached skill level 10 in Necromancy
 34731 | Elf:1    | Reached skill level 10 in Translocations
 34731 | Elf:1    | Reached skill level 10 in Transmutations
 34731 | Elf:1    | Reached skill level 10 in Fire Magic
 34731 | Elf:1    | Reached skill level 10 in Ice Magic
 34731 | Elf:1    | Reached skill level 10 in Air Magic
 34731 | Elf:1    | Reached skill level 10 in Earth Magic
 34731 | Elf:1    | Reached skill level 10 in Poison Magic
 34805 | Elf:1    | Got a pair of faintly humming boots
 34816 | Elf:1    | Identified the +1 pair of boots of Gozag's Generosity
                  | {rPois MR+ Dex+4 Slay+3} (You found it on level 1 of the
                  | Elven Halls)
 34819 | Elf:1    | Got an ivory scimitar
 34820 | Elf:1    | Identified the +2 scimitar "Fivump" {freeze, SInv} (You
                  | found it on level 1 of the Elven Halls)
 34927 | Elf:2    | Identified Qing's Compendium of Unstable Transmigration
 34992 | Elf:2    | Reached XP level 18. HP: 110/143 MP: 33/33
 35460 | Elf:2    | Found Kaoxok's Distillery.
 35986 | Elf:2    | Found a runed gate.
 35986 | Elf:2    | Found a runed gate.
 36000 | Elf:2    | Found a runed gate.
 36163 | Elf:2    | Noticed a deep elf blademaster
 36178 | Elf:2    | Killed a deep elf blademaster
 36550 | Elf:2    | Received a gift from Okawaru
 36726 | Elf:3    | Entered Level 3 of the Elven Halls
 36772 | Elf:3    | Received a gift from Okawaru
 37118 | Elf:3    | Shot with an arrow by a deep elf archer

Vault maps used:
D:1:      lemuel_arrival_room, minmay_misc_feat_nine_boxes,
          grunt_decor_one_mirror
D:2:      grunt_dithmenos_smoke_and_mirrors, minmay_quantized
D:3:      nicolae_overflow_hidden_temple, first_ration,
          chequers_ecumenical_altar_simple, uniq_jessica
D:4:      minmay_angry_zag, lemuel_doored_altar, marbit_many_paths,
          serial_shops, nicolae_shop_competitors_out_of_business
D:5:      minmay_temple_entry_antechambers, grunt_decor_mini_mirrors,
          serial_bayou_pond_e, minmay_fountain_box, uniq_prince_ribbit1
D:6:      gammafunk_ghost_hive, hangedman_abyss_or_decor_slice
D:7:      grunt_livestock
D:8:      nicolae_overflow_crystal_walls, ebering_ghost_rock_garden, uniq_erica,
          uniq_maurice
D:9:      minitemple, orc_0_dummy, grunt_decor_arrowhead,
          nicolae_qazlal_eye_of_the_storm, uniq_psyche
D:10:     serial_shops, nicolae_shop_competitors_out_of_business,
          nicolae_shop_temple_entry_statues_fountains, shop_fountains,
          enter_bailey_2
D:11:     erik_lair_orcish_takeover
D:12:     uniq_snorg
D:13:     david_vaults_1
D:14:     chequers_serial_rivers_small_a, glass_columns_c, minivault_16,
          hangedman_abyss_or_decor_stagger, chequers_arboretum
D:15:     grunt_enter_depths_giant_problem, moated_statue,
          hangedman_abyss_or_decor_clamps, guppyfry_shop_venom, uniq_kirke
Temple:   chequers_temple_sunken
Lair:1:   chequers_serial_rivers_marsh, disabler_island, grunt_megastairs_2,
          lemuel_fruit_fields
Lair:2:   serial_bayou_shore_a, infiniplex_staircase_pool
Lair:4:   nicolae_swamp_entry_splash_gauntlet,
          nicolae_spider_entry_orb_guardian, minivault_23, zaba_antful_of_joy,
          lemuel_fruit_tree
Lair:5:   lookout_lair_type, serial_bayou_ford_a, chequers_serial_rivers_room_b
Lair:6:   evil_forest, nicolae_slime_entry_slimehenge, st_stairs_13,
          minivault_24, minmay_lair_oklob_bushes, grunt_megastairs_1,
          uniq_josephine
Orc:1:    lemuel_ogre_cave
Orc:2:    grunt_orc_cross, basic_altar
Elf:1:    minmay_elf_arrival_plus, gammafunk_ghost_fury_of_okawaru,
          minmay_elf_sorcery, evilmike_ambush, uniq_asterion
Elf:2:    serial_shops, shop
Elf:3:    minmay_elf_hall, serial_corexii_hall, chequers_hall_statues_wall_a,
          corexii_hall_statues_s, onia_ninara_cookie
Abyss:2:  minivault_13
Bailey:   bailey_axe_of_yendor_kennysheep, bailey

Skill      XL: |  1  2  3  4  5  6  7  8  9 10 11 12 13 14 15 16 17 18 |
---------------+-------------------------------------------------------+-----
Invocations    | 1 2 3 4 5 6 7 8 9 10 11 12 13 | 13.1
Short Blades   | 1 2 3 4 5 6 7 8 9 10 11 12 | 12.1
Long Blades    | 1 2 3 4 5 6 7 8 9 10 11 12 | 12.1
Maces & Flails | 1 2 3 4 5 6 7 8 9 10 11 12 | 12.1
Polearms       | 1 2 3 4 5 6 7 8 9 10 11 12 | 12.1
Staves         | 1 2 3 4 5 6 7 8 9 10 11 12 | 12.1
Slings         | 1 2 3 4 5 6 7 8 9 10 11 12 | 12.1
Bows           | 1 2 3 4 5 6 7 8 9 10 11 12 | 12.1
Crossbows      | 1 2 3 4 5 6 7 8 9 10 11 12 | 12.1
Throwing       | 1 2 3 4 5 6 7 8 9 10 11 12 | 12.1
Dodging        | 1 2 3 4 5 6 7 8 9 10 11 12 | 12.1
Stealth        | 1 2 3 4 5 6 7 8 9 10 11 12 | 12.1
Unarmed Combat | 1 2 3 4 5 6 7 8 9 10 11 12 | 12.1
Spellcasting   | 1 2 3 4 5 6 7 8 9 10 11 12 | 12.1
Evocations     | 1 2 3 4 5 6 7 8 9 10 11 12 | 12.1
Conjurations   | 1 2 3 4 5 6 7 8 9 10 | 10.4
Hexes          | 1 2 3 4 5 6 7 8 9 10 | 10.4
Charms         | 1 2 3 4 5 6 7 8 9 10 | 10.4
Summonings     | 1 2 3 4 5 6 7 8 9 10 | 10.4
Necromancy     | 1 2 3 4 5 6 7 8 9 10 | 10.4
Translocations | 1 2 3 4 5 6 7 8 9 10 | 10.4
Transmutations | 1 2 3 4 5 6 7 8 9 10 | 10.4
Fire Magic     | 1 2 3 4 5 6 7 8 9 10 | 10.4
Ice Magic      | 1 2 3 4 5 6 7 8 9 10 | 10.4
Air Magic      | 1 2 3 4 5 6 7 8 9 10 | 10.4
Earth Magic    | 1 2 3 4 5 6 7 8 9 10 | 10.4
Poison Magic   | 1 2 3 4 5 6 7 8 9 10 | 10.4
Axes           | 5 6 7 8 9 10 11 12 | 12.8
Fighting       | 7 8 9 10 11 12 13 | 13.5
Armour         | 7 8 9 10 11 12 13 | 13.5
Shields        | 7 8 9 10 11 12 13 | 13.5

Action                   |  1- 3 |  4- 6 |  7- 9 | 10-12 | 13-15 | 16-18 || total
-------------------------+-------+-------+-------+-------+-------+-------++-------
Melee: War axe           |     6 |       |       |       |       |       ||     6
       Short sword       |    44 |   187 |   341 |   863 |  1566 |       ||  3001
       Bite              |     3 |    23 |    59 |   166 |   375 |   394 ||  1020
       Scimitar          |       |       |       |       |    56 |    10 ||    66
       Falchion          |       |       |       |       |    83 |  1379 ||  1462
       Dagger            |       |       |       |       |       |   131 ||   131
       Unarmed           |       |       |       |       |       |     5 ||     5
Invok: Heroism           |       |       |     2 |    15 |    13 |    19 ||    49
       Finesse           |       |       |       |       |       |     3 ||     3
Evoke: Wand              |       |       |       |       |     1 |       ||     1
  Use: Scroll            |       |       |    11 |     5 |    11 |    11 ||    38
       Potion            |       |       |     1 |       |     1 |     5 ||     7
  Eat: Chunk             |       |     7 |     9 |    18 |    34 |    29 ||    97
       Ration            |       |       |       |     1 |     4 |     3 ||     8
Armor: Scale mail        |    13 |    17 |       |       |       |       ||    30
       Plate armour      |       |    70 |   145 |   278 |   494 |   475 ||  1462
       Chain mail        |       |       |       |       |    71 |       ||    71
Dodge: Dodged            |    10 |    36 |    65 |   157 |   466 |   436 ||  1170
Block: Shield            |    25 |    79 |   188 |   415 |   882 |   799 ||  2388
       Rpst.: Scimitar   |       |       |       |       |     4 |     1 ||     5
       Falchion          |       |       |       |       |     5 |    80 ||    85

Table legend:
 A = Non-vault XP
 B = Vault XP
 C = Vault XP percentage of total XP
 D = Non-vault monster count
 E = Vault monster count
 F = Vault count percentage of total count
                 A         B        C        D         E       F
            +---------+---------+-------+---------+---------+-------
      Total |  159559 |  135178 |  45.9 |     655 |     354 |  35.1
            +---------+---------+-------+---------+---------+-------
        D:1 |       3 |       0 |   0.0 |       3 |       0 |   0.0
        D:2 |     111 |      41 |  27.0 |      30 |       4 |  11.8
        D:3 |      82 |      37 |  31.1 |      16 |       1 |   5.9
        D:4 |     435 |      75 |  14.7 |      20 |       3 |  13.0
        D:5 |     146 |     274 |  65.2 |       7 |       1 |  12.5
        D:6 |     597 |    1018 |  63.0 |      27 |       6 |  18.2
        D:7 |    1570 |     993 |  38.7 |      34 |       5 |  12.8
        D:8 |    3637 |    2268 |  38.4 |      33 |       3 |   8.3
        D:9 |    1025 |     410 |  28.6 |      23 |       1 |   4.2
       D:10 |    5822 |     375 |   6.1 |      41 |      26 |  38.8
       D:11 |    3786 |     587 |  13.4 |      17 |       8 |  32.0
       D:12 |    4038 |    1123 |  21.8 |      26 |       1 |   3.7
       D:13 |    3164 |    1430 |  31.1 |      18 |       4 |  18.2
       D:14 |   13169 |     662 |   4.8 |      40 |       1 |   2.4
       D:15 |   16879 |    8308 |  33.0 |      42 |       8 |  16.0
     Lair:1 |    2548 |     958 |  27.3 |      12 |       7 |  36.8
     Lair:2 |    6262 |       0 |   0.0 |      21 |       0 |   0.0
     Lair:3 |    3139 |      33 |   1.0 |      12 |       1 |   7.7
     Lair:4 |    2200 |    9506 |  81.2 |      11 |      45 |  80.4
     Lair:5 |   13806 |       0 |   0.0 |      36 |       0 |   0.0
     Lair:6 |   14334 |   17503 |  55.0 |      23 |      43 |  65.2
      Orc:1 |    3386 |    8891 |  72.4 |      40 |      24 |  37.5
      Orc:2 |    6557 |   17545 |  72.8 |      33 |      48 |  59.3
      Elf:1 |   33088 |   23392 |  41.4 |      51 |      27 |  34.6
      Elf:2 |   15646 |   25351 |  61.8 |      31 |      28 |  47.5
      Elf:3 |    4129 |   10878 |  72.5 |       8 |      16 |  66.7
     Bailey |       0 |    3520 | 100.0 |       0 |      43 | 100.0
            +---------+---------+-------+---------+---------+-------
